 Dungeon Crawl Stone Soup version 0.29.1-2-gbd0b4ee654 (webtiles) character file.

Game seed: 9659161287373296539

100482 Icepheonix32 the Warrior (level 15, -6/154 HPs)
             Began as a Minotaur Fighter on Oct 24, 2022.
             Was the Champion of the Shining One.
             Mangled by an orc warrior
             ... wielding a +0 war axe
              (18 damage)
             ... on level 1 of the Orcish Mines.
             The game lasted 00:52:39 (30815 turns).

Icepheonix32 the Warrior (Minotaur Fighter)        Turns: 30815, Time: 00:52:40

Health: -6/154     AC: 24    Str: 24    XL:     15   Next: 80%
Magic:  21/21      EV: 12    Int:  9    God:    the Shining One [******]
Gold:   1852       SH: 12    Dex: 13    Spells: 14/14 levels left

rFire   + + +      SeeInvis .   m - +1 trident "Vompil" {speed, rElec Str-3 Dex+2 Stlth+}
rCold   . . .      Faith    +   c - +0 kite shield
rNeg    + + +      Spirit   .   P - +0 fire dragon scales
rPois   +          Reflect  .   (helmet unavailable)
rElec   +          Harm     .   U - +2 cloak
rCorr   .          Rampage  .   B - +2 pair of gloves {Stlth+}
Will    +....                   b - +3 pair of mountain boots {steadfast, rC+}
Stlth   +.........              Z - amulet of faith
HPRegen 0.35/turn               y - ring "Ituoj" {Fly rPois rF+ Int-2}
MPRegen 0.17/turn               h - +6 ring of strength

@: flying, glowing
A: horns 3, retaliatory headbutt
a: Renounce Religion, Divine Shield, Cleansing Flame, Summon Divine Warrior,
Brand Weapon With Holy Wrath


You were on level 1 of the Orcish Mines.
You worshipped the Shining One.
The Shining One was exalted by your worship.
You visited 4 branches of the dungeon, and saw 23 of its levels.
You also visited: Ossuary and Volcano.

You collected 1966 gold pieces.
You spent 114 gold pieces at shops.

Inventory:

Hand Weapons
 m - the +1 trident "Vompil" (weapon) {speed, rElec Str-3 Dex+2 Stlth+}
   (You found it on level 2 of the Dungeon)

   Attacks with this weapon are significantly faster.
   Str:       It affects your strength (-3).
   Dex:       It affects your dexterity (+2).
   rElec:     It insulates you from electricity.
   Stlth:     It makes you more stealthy.
 v - a +4 longbow of flaming
 K - a +5 scimitar of freezing
 L - a +3 halberd of freezing
Missiles
 o - 4 silver boomerangs
 u - 4 boomerangs (quivered)
 I - a throwing net
 N - 4 curare-tipped darts
 V - 3 boomerangs of dispersal
Armour
 b - the +3 pair of mountain boots (worn) {steadfast, rC+}
   (You found it in a volcano)

   It prevents involuntary movement, except for blinking, teleportation, or
   banishment.
   rC:        It protects you from cold.
 c - a +0 kite shield (worn)
 q - +0 ice dragon scales
 B - a +2 pair of gloves of stealth (worn)
 P - +0 fire dragon scales (worn)
 U - a +2 cloak (worn)
Jewellery
 e - the ring "Miawu" {rCorr Dex+7}
   (You acquired it on level 2 of the Dungeon)

   [ring of resist corrosion]

   Dex:       It affects your dexterity (+7).
   rCorr:     It protects you from acid and corrosion.
 f - a +6 ring of intelligence
 h - a +6 ring of strength (right hand)
 x - a ring of positive energy
 y - the ring "Ituoj" (left hand) {Fly rPois rF+ Int-2}
   (You found it on level 2 of the Lair of Beasts)

   [ring of protection from fire]

   Int:       It affects your intelligence (-2).
   rF:        It protects you from fire.
   rPois:     It protects you from poison.
   Fly:       It grants you flight.
 J - an amulet of magic regeneration
 T - a ring of protection from cold
 Z - an amulet of faith (around neck)
Wands
 j - a wand of polymorph (10)
 w - a wand of roots (18)
 F - a wand of flame (43)
 M - a wand of mindburst (24)
 O - a wand of digging (6)
 Q - a wand of paralysis (26)
Scrolls
 a - 2 scrolls of fear
 k - 2 scrolls of amnesia
 r - 10 scrolls of teleportation
 t - 7 scrolls of poison
 D - 4 scrolls of magic mapping
 E - 14 scrolls of identify
 R - 2 scrolls of butterflies
 W - 3 scrolls of enchant armour
 X - 3 scrolls of immolation
 Y - a scroll of silence
Potions
 d - 6 potions of might
 g - 5 potions of haste
 i - 6 potions of lignification
 l - 7 potions of attraction
 n - 6 potions of magic
 p - 3 potions of ambrosia
 s - 12 potions of curing
 z - 4 potions of mutation
 A - 2 potions of cancellation
 C - 4 potions of berserk rage
 H - 4 potions of brilliance
Miscellaneous
 G - a tin of tremorstones (1/2)


   Skills:
 * Level 19.6 Fighting
 + Level 2.6(11.4) Axes
 + Level 16.9(17.0) Polearms
 + Level 1.9 Ranged Weapons
 + Level 2.7 Throwing
 + Level 12.9 Armour
 + Level 7.9 Dodging
 + Level 3.2 Stealth
 + Level 12.0 Shields
 * Level 9.3 Invocations
 + Level 1.0 Evocations


You had 14 spell levels left.
You didn't know any spells.
Your spell library contained the following spells:

 Spells                   Type           Power      Damage    Failure   Level
 Sandblast                Erth           0%         2d4       88%         1
 Summon Small Mammal      Summ           0%         N/A       88%         1
 Blink                    Tloc           0%         N/A       96%         2
 Passwall                 Tmut/Erth      0%         N/A       96%         2
 Scorch                   Fire           0%         2d5       96%         2
 Sublimation of Blood     Necr           0%         N/A       96%         2
 Call Canine Familiar     Summ           0%         N/A       99%         3
 Gell's Gravitas          Tloc           0%         N/A       99%         3
 Ignite Poison            Fire/Tmut/Pois 0%         N/A       99%         3
 Lesser Beckoning         Tloc           0%         N/A       99%         3
 Mephitic Cloud           Conj/Pois/Air  0%         N/A       99%         3
 Portal Projectile        Hex/Tloc       0%         N/A       99%         3
 Stone Arrow              Conj/Erth      0%         3d7       99%         3
 Summon Guardian Golem    Hex/Summ       0%         N/A       99%         3
 Teleport Other           Tloc           0%         N/A       99%         3
 Tukima's Dance           Hex            0%         N/A       99%         3
 Airstrike                Air            0%         2d(0-16)  100%        4
 Petrify                  Tmut/Erth      0%         N/A       100%        4
 Summon Lightning Spire   Summ/Air       0%         N/A       100%        4
 Blade Hands              Tmut           0%         N/A       100%        5
 Freezing Cloud           Conj/Ice/Air   0%         6-21      100%        5
 Irradiate                Conj/Tmut      0%         3d11      100%        5
 Lightning Bolt           Conj/Air       0%         1d11      100%        5
 Manifold Assault         Tloc           0%         N/A       100%        5


Dungeon Overview and Level Annotations

Branches:
Dungeon (15/15)            Temple (1/1) D:7            Lair (5/5) D:8
 Shoals (0/4) Lair:2        Snake (0/4) Lair:2        Slime (0/5) Lair:4
    Orc (2/2) D:9             Elf (0/3) Orc:2        Vaults (0/5) D:14
 Depths (0/4) D:15        Ossuary (visited)         Volcano (visited)

Altars:
Ashenzari
Cheibriados
Dithmenos
Elyvilon
Fedhas
Gozag
Hepliaklqana
Kikubaaqudgha
Makhleb
Nemelex Xobeh
Okawaru
Qazlal
Ru
Sif Muna
Trog
Uskayaw
Vehumet
Wu Jian
Xom
Yredelemnul
Zin
The Shining One

Shops:
D:2 *   D:14 :

Annotations:
D:14 Roxanne


Innate Abilities, Weirdness & Mutations

You have a pair of large horns on your head.
You reflexively headbutt those who attack you in melee.


Message History

You feel better.
The ice devil disappears in a puff of smoke!
The orange demon disappears in a puff of smoke!
The orc warrior hits you with a +0 war axe!
The orc knight hits you with a +1 glaive!!
* * * LOW HITPOINT WARNING * * *
You feel much better.
The orc warrior hits you with a +0 war axe!
* * * LOW HITPOINT WARNING * * *
You block the orc knight's attack.
You impale the orc knight!!
You headbutt the orc knight, but do no damage.
The orc knight is severely wounded.
Unknown command.
You puncture the orc knight!
The orc knight is almost dead.
The orc warrior hits you with a +0 war axe!
* * * LOW HITPOINT WARNING * * *
The orc knight hits you with a +1 glaive!!
* * * LOW HITPOINT WARNING * * *
Unknown command.
You hit the orc knight but do no damage.
You headbutt the orc knight, but do no damage.
The orc knight is almost dead.
Unknown command.
You barely miss the orc knight.
The orc knight is almost dead.
The orc warrior barely misses you. You furiously retaliate!
You headbutt the orc warrior!
The orc knight hits you with a +1 glaive!
The Shining One protects you from harm!
Unknown command.
You puncture the orc knight!
You kill the orc knight!
Your Shields skill increases to level 12!
Unknown command.
You hit the orc warrior.
The orc warrior is almost dead.
The orc warrior hits you with a +0 war axe!!
You die...

##..####....#..#####......#
#####...........##....#.## ###
#..................########.#
####..................##.##....
##..##.........................#
#....##...................##._.#
#.....#...............[...#....#
#.......)......)#.............##
##...#...).....)@o....##......##
#....##.#.#....).##....##..####
#...###.....#.........###...#
##.###..............#.###..##
### ##.....#..........#...#
#......#....#..#####.##
##............##.#####
###............#...###
##.##...........#.#...##


You could see an orc warrior (strong).

Vanquished Creatures
  A very ugly thing (D:14)
  Nessos (D:15)
  The ghost of TheSexyCheese the Cleaver, a journeyman HOFi of Gozag (D:11)
  2 fire dragons (D:15)
  8 vault guards (D:14)
  2 boulder beetles
  10 hydras
  Erolcha (D:13)
  Erica (Lair:2)
  12 death yaks
  3 two-headed ogres
  6 centaur warriors
  A deep troll shaman (Lair:5)
  A tengu warrior (D:14)
  Nergalle (Lair:2)
  3 orc high priests
  Amaemon (Lair:2)
  A fire crab (Lair:4)
  The ghost of lotum the Fighter, a novice DsBe of Trog (D:8)
  4 skeletal warriors
  2 deep elf pyromancers
  A lindwurm (Lair:5)
  2 orc knights
  12 ugly things
  5 orc sorcerers
  An oklob plant (Lair:1)
  4 manticores
  13 cyclopes
  An orange demon (Lair:2)
  2 black mambas
  2 centaur zombies (D:11)
  11 elephants
  8 gargoyles
  3 torpor snails
  3 cane toads
  A yaktaur (D:15)
  An unseen horror (D:12)
  6 komodo dragons
  A rime drake (Lair:4)
  2 efreet
  A freezing wraith (D:13)
  3 trolls
  4 meliai
  2 polar bears (Lair:5)
  A polar bear (shapeshifter) (D:15)
  Grinder (D:2)
  A wind drake (Lair:2)
  16 slime creatures
  4 blink frogs (Lair:1)
  7 dream sheep (Lair:5)
  A culicivora (shapeshifter) (D:15)
  A vampire (D:9)
  2 wraiths
  2 shadows
  6 wyverns
  5 basilisks
  29 yaks
  Grum (D:11)
  2 steam dragons (D:8)
  Eustachio (D:6)
  A redback simulacrum (D:15)
  21 vampire mosquitoes
  7 wargs
  12 water moccasins
  2 hell hounds (Orc:1)
  3 acid dragons
  Duvessa (D:6)
  22 orc warriors
  An ice beast (D:5)
  4 black bears
  7 ogres
  34 wolves
  25 centaurs
  A phantom (D:7)
  4 kobold brigands
  11 bullfrogs
  A necrophage (D:5)
  3 scorpions
  11 wights
  A water moccasin zombie (Ossuary)
  Dowan (D:6)
  8 killer bees
  An electric eel (D:10)
  5 howler monkeys
  4 hounds
  7 jellies
  15 orc priests
  4 iguanas
  Jessica (D:3)
  Terence (D:3)
  6 hell rats (Lair:5)
  35 orc wizards
  A boggart simulacrum (D:14)
  2 mummies (Ossuary)
  5 adders
  4 gnolls (D:6)
  A shadow imp (D:6)
  A white imp (D:6)
  3 adder zombies (Ossuary)
  A worm (D:2)
  3 dart slugs
  73 orcs
  9 ball pythons
  5 bats
  3 endoplasms
  5 giant cockroaches
  7 gnoll zombies (Ossuary)
  9 goblins
  5 hobgoblins
  19 kobolds
  2 quokkas
  A frilled lizard (D:2)
  2 hobgoblin zombies (Ossuary)
  2 kobold skeletons (D:8)
  5 kobold zombies (Ossuary)
  4 orc zombies (Ossuary)
  8 rats
672 creatures vanquished.

Vanquished Creatures (collateral kills)
  Rupert (D:15)
  A catoblepas (Lair:5)
  3 death yaks (Lair:5)
5 creatures vanquished.

Vanquished Creatures (others)
  A vampire mosquito (D:13)
  6 fungi
  19 plants
26 creatures vanquished.

Grand Total: 703 creatures vanquished

Notes
Turn   | Place    | Note
-------+----------+-------------------------------------------
     0 | D:1      | Icepheonix32 the Minotaur Fighter began the quest for the
                  | Orb.
     0 | D:1      | Reached XP level 1. HP: 19/19 MP: 0/0
   317 | D:1      | Reached skill level 4 in Fighting
   552 | D:1      | Reached XP level 2. HP: 27/27 MP: 1/1
   553 | D:1      | Found a faded altar of an unknown god.
  1059 | D:2      | Reached XP level 3. HP: 32/33 MP: 2/2
  1109 | D:2      | Identified the +1 trident "Vompil" {speed, rElec Str-3
                  | Dex+2 Stlth+}
  1161 | D:2      | Found Mesu's Assorted Antiques.
  1182 | D:2      | Bought a black potion for 21 gold pieces
  1182 | D:2      | Bought a scroll labelled UMISHU VETYZO for 24 gold pieces
  1182 | D:2      | Bought a glowing inky potion for 21 gold pieces
  1182 | D:2      | Bought a scroll labelled RILUEG UKAHOMP for 24 gold pieces
  1588 | D:2      | Bought a scroll labelled VAG RUXOTUPI for 24 gold pieces
  1735 | D:2      | Identified a scroll of acquirement
  1735 | D:2      | Acquired the ring "Miawu" {rCorr Dex+7}
  1776 | D:3      | Noticed Grinder
  1776 | D:3      | Noticed Jessica
  1787 | D:2      | Killed Grinder
  1788 | D:2      | Reached skill level 5 in Fighting
  1788 | D:2      | Reached skill level 1 in Dodging
  1788 | D:2      | Reached XP level 4. HP: 23/42 MP: 3/3
  1788 | D:2      | Reached XP level 5. HP: 26/48 MP: 4/4
  1984 | D:3      | Reached skill level 5 in Armour
  1984 | D:3      | Reached XP level 6. HP: 50/56 MP: 5/5
  2183 | D:3      | Killed Jessica
  2300 | D:3      | Found a white marble altar of Elyvilon.
  2301 | D:3      | Noticed Terence
  2306 | D:3      | Killed Terence
  2313 | D:3      | Reached skill level 6 in Fighting
  2313 | D:3      | Reached skill level 1 in Stealth
  2638 | D:4      | Found a sand-covered staircase.
  2642 | Ossuary  | Entered an ossuary
  2667 | Ossuary  | Reached XP level 7. HP: 63/63 MP: 6/6
  2895 | D:4      | Reached skill level 5 in Shields
  3198 | D:4      | Reached skill level 7 in Fighting
  3486 | D:4      | Gained mutation: You have a pair of large horns on your
                  | head. [potion of mutation]
  3549 | D:5      | Entered Level 5 of the Dungeon
  3673 | D:5      | Reached skill level 5 in Polearms
  3803 | D:5      | Found a radiant altar of Vehumet.
  3811 | D:5      | Reached XP level 8. HP: 73/73 MP: 7/7
  4333 | D:6      | Reached skill level 8 in Fighting
  4502 | D:6      | Found a shimmering blue altar of Sif Muna.
  4524 | D:6      | Got Sif Muna's Disquisition on the Arsonist
  4599 | D:6      | Found a bloodstained altar of Trog.
  4637 | D:6      | Noticed Duvessa
  4639 | D:6      | Noticed Dowan
  4647 | D:6      | Killed Duvessa
  4651 | D:6      | Killed Dowan
  4863 | D:6      | Noticed Eustachio
  4883 | D:6      | Killed Eustachio
  4925 | D:6      | Reached XP level 9. HP: 73/82 MP: 8/8
  5012 | D:6      | Found a hazy altar of Hepliaklqana.
  5218 | D:7      | Reached skill level 9 in Fighting
  5359 | D:7      | Reached skill level 1 in Throwing
  5641 | D:7      | Found a staircase to the Ecumenical Temple.
  5672 | Temple   | Entered the Ecumenical Temple
  5837 | Temple   | Became a worshipper of the Shining One
  5870 | D:7      | Reached skill level 10 in Fighting
  6260 | D:7      | Noticed a gargoyle
  6265 | D:7      | Killed a gargoyle
  6397 | D:7      | Noticed a gargoyle
  6402 | D:7      | Killed a gargoyle
  6403 | D:7      | Reached skill level 10 in Polearms
  6403 | D:7      | Reached XP level 10. HP: 79/94 MP: 9/9
  6469 | D:7      | Noticed a gargoyle
  6489 | D:7      | Killed a gargoyle
  6493 | D:7      | Noticed a gargoyle
  6502 | D:7      | Killed a gargoyle
  6848 | D:7      | Noticed a gargoyle
  6855 | D:7      | Killed a gargoyle
  6961 | D:7      | Reached skill level 11 in Fighting
  7033 | D:7      | Found a hide-covered altar of Uskayaw.
  7400 | D:8      | Found a runed translucent door.
  7401 | D:8      | Found a basalt altar of Yredelemnul.
  7534 | D:8      | Found a staircase to the Lair.
  7534 | D:8      | Noticed an elephant
  7535 | D:8      | Reached * piety under the Shining One
  7535 | D:8      | Noticed a death yak
  7547 | D:8      | Killed an elephant
  7567 | D:8      | Killed a death yak
  7760 | D:8      | Found a runed translucent door.
  7760 | D:8      | Noticed lotum's ghost (novice DsBe)
  8443 | D:8      | Killed lotum's ghost
  8444 | D:8      | Reached skill level 12 in Fighting
  8788 | D:9      | Reached XP level 11. HP: 104/104 MP: 10/10
  9309 | D:9      | Reached ** piety under the Shining One
  9401 | D:9      | Found a staircase to the Orcish Mines.
  9538 | D:9      | Found a shimmering altar of Xom.
  9948 | D:9      | Found an iron altar of Okawaru.
  9950 | D:10     | Entered Level 10 of the Dungeon
 10021 | D:10     | Noticed a two-headed ogre
 10027 | D:10     | Killed a two-headed ogre
 10189 | D:10     | Found a blossoming altar of Fedhas.
 10533 | D:10     | Noticed a two-headed ogre
 10540 | D:10     | Killed a two-headed ogre
 10541 | D:10     | Reached skill level 13 in Fighting
 10772 | D:11     | Reached skill level 1 in Invocations
 10865 | D:11     | Noticed a boulder beetle
 10898 | D:11     | Killed a boulder beetle
 11179 | D:11     | Noticed a five-headed hydra
 11188 | D:11     | Killed a five-headed hydra
 11402 | D:11     | Noticed a five-headed hydra
 11407 | D:11     | Killed a five-headed hydra
 11471 | D:11     | Found a runed translucent gate.
 11471 | D:11     | Found a runed translucent gate.
 11471 | D:11     | Found a runed translucent gate.
 11471 | D:11     | Noticed TheSexyCheese's ghost (journeyman HOFi)
 11474 | D:11     | Found a basalt altar of Yredelemnul.
 11533 | D:11     | Killed TheSexyCheese's ghost
 11534 | D:11     | Reached XP level 12. HP: 58/115 MP: 13/13
 12134 | D:11     | Noticed a four-headed hydra
 12141 | D:11     | Killed a four-headed hydra
 12335 | D:11     | Noticed Grum
 12355 | D:11     | Killed Grum
 12478 | D:12     | Reached *** piety under the Shining One
 12523 | D:12     | Reached skill level 14 in Fighting
 13049 | D:12     | Reached skill level 5 in Dodging
 13629 | D:13     | Noticed a centaur warrior
 13634 | D:13     | Noticed Erolcha
 13844 | D:13     | Reached **** piety under the Shining One
 14081 | D:13     | Reached skill level 15 in Fighting
 14081 | D:13     | Reached skill level 10 in Armour
 14414 | D:13     | Reached skill level 5 in Invocations
 14578 | D:13     | Killed a centaur warrior
 14744 | D:13     | Noticed a boulder beetle
 14746 | D:13     | Noticed a two-headed ogre
 14766 | D:13     | Killed a two-headed ogre
 14773 | D:13     | Killed a boulder beetle
 14774 | D:13     | Reached XP level 13. HP: 41/127 MP: 16/16
 14892 | D:13     | Killed Erolcha
 14910 | D:13     | Reached skill level 15 in Polearms
 15413 | D:13     | Reached skill level 16 in Fighting
 15852 | D:14     | Found Ugidusk's Book Emporium.
 16292 | D:14     | Paralysed by a centaur for 3 turns
 17168 | D:14     | Reached ***** piety under the Shining One
 17972 | D:14     | Found a gate to the Vaults.
 18004 | D:14     | Reached skill level 17 in Fighting
 18217 | D:14     | Noticed a red very ugly thing
 18234 | D:14     | Killed a red very ugly thing
 18373 | D:14     | Reached XP level 14. HP: 86/140 MP: 18/18
 18386 | D:14     | Noticed Roxanne
 18996 | D:15     | Entered Level 15 of the Dungeon
 18996 | D:15     | Noticed Rupert
 19006 | D:15     | Killed Rupert
 19102 | D:15     | Noticed Nessos
 19117 | D:15     | Found a stormy altar of Qazlal.
 19865 | D:15     | Found a staircase to the Depths.
 20232 | D:15     | Killed Nessos
 21007 | D:15     | Reached skill level 10 in Shields
 21676 | Lair:1   | Entered Level 1 of the Lair of Beasts
 21702 | Lair:1   | Reached skill level 1 in Evocations
 22152 | Lair:1   | Reached skill level 18 in Fighting
 22532 | Lair:1   | Found a glowing golden altar of the Shining One.
 23157 | Lair:2   | Found a staircase to the Shoals.
 23408 | Lair:2   | Noticed Amaemon
 23432 | Lair:2   | Killed Amaemon
 23531 | Lair:2   | Noticed Erica
 23544 | Lair:2   | Killed Erica
 23711 | Lair:2   | Noticed Nergalle
 23730 | Lair:2   | Killed Nergalle
 23803 | Lair:2   | Identified the ring "Ituoj" {Fly rPois rF+ Int-2}
 23989 | Lair:2   | Found a staircase to the Snake Pit.
 25227 | Lair:4   | You are sucked into a shaft and drop 1 floor!
 25227 | Lair:5   | Entered Level 5 of the Lair of Beasts
 25393 | Lair:5   | Reached XP level 15. HP: 126/150 MP: 20/20
 26357 | Lair:5   | Reached ****** piety under the Shining One
 26421 | Lair:5   | HP: 7/151 [death yak (7)]
 26422 | Lair:5   | HP: 2/151 [death yak (2)]
 26828 | Lair:5   | Reached skill level 19 in Fighting
 27140 | Lair:5   | Found a shimmering blue altar of Sif Muna.
 27363 | Lair:4   | Reached skill level 1 in Ranged Weapons
 28370 | Lair:4   | Found a staircase to the Slime Pits.
 29057 | Orc:1    | Entered Level 1 of the Orcish Mines
 29167 | Orc:1    | Found a dark tunnel.
 29184 | Volcano  | Entered a volcano
 29246 | Volcano  | Found the +3 pair of mountain boots {steadfast, rC+}
 29674 | Orc:1    | Found a burning altar of Makhleb.
 29984 | Orc:2    | Entered Level 2 of the Orcish Mines
 29984 | Orc:2    | Found a staircase to the Elven Halls.
 29995 | Orc:2    | Paralysed by an orc sorcerer for 4 turns
 30813 | Orc:1    | The Shining One protects you from harm!
 30815 | Orc:1    | Mangled by an orc warrior

Illustrated notes

Levels and vault maps discovered:
D:1:      dpeg_arrival_erosion, layout_loops_cross,
          chequers_ecumenical_altar_island
D:2:      layout_rooms, serial_shops, shop
D:3:      layout_rooms, mainiacjoe_overflow_small_starburst, minivault_27,
          kennysheep_generic_room_4, uniq_grinder, uniq_terence, uniq_jessica
D:4:      layout_loops_ring, enter_ossuary_5
D:5:      layout_loops_ring, nicolae_vehumet_altar_sigil
D:6:      layout_basic, nzn_overflow_gifts_of_might_and_magic,
          nzn_hepliaklqana_mist_gate, uniq_eustachio, uniq_duvessa
D:7:      cheibrodos_statue_roulette, layout_cave_pools,
          lemuel_coloured_pillars_altar, minmay_temple_entry_sparse_star
D:8:      layout_loops_ring, dk_yredelemnul_ordeal, david_lair_generic,
          hellmonk_ghost_happy_afterlife, minmay_tree_intersection,
          serial_park_tiny_2, chequers_arboretum
D:9:      layout_long_grid, nicolae_overflow_hidden_temple,
          minmay_orc_entry_guard_dogs, minmay_misc_feat_plants,
          minmay_fractal_squares_5
D:10:     layout_irregular_city, kennysheep_mini_moat, serial_bayou_crossing
D:11:     layout_irregular_city, nicolae_yredelemnul_ghost_church, uniq_grum
D:12:     layout_small_grid, st_stairs_8
D:13:     layout_loops_ring, uniq_erolcha
D:14:     layout_cross, erik_vaults_2, roderic_lattice_a, serial_shops, shop,
          minmay_hollow_rounded_squares, uniq_roxanne
D:15:     grunt_enter_depths_hoard, layout_basic,
          nicolae_qazlal_general_emergency, uniq_nessos, uniq_rupert
Temple:   hellmonk_temple_forest_ring
Lair:1:   layout_chaotic_city, lemuel_oklob_altar
Lair:2:   layout_regular_city, minmay_shoals_entry_beasts,
          guppyfry_snake_entry_garden, grunt_megastairs_5, uniq_amaemon,
          uniq_nergalle, uniq_erica
Lair:3:   layout_layer_cave
Lair:4:   layout_roguey, dpeg_slime_entry_enclosed
Lair:5:   grunt_lair_end_beastmaster, layout_cellular_growth, lookout_lair_type,
          lemuel_centaur_altar
Orc:1:    layout_caves, basic_altar, enter_volcano_3, bloody_makhleb
Orc:2:    st_orc_elflike, layout_caves, gammafunk_ghost_grave, nooodl_orcs_dogs

Skill      XL: |  1  2  3  4  5  6  7  8  9 10 11 12 13 14 15 |
---------------+----------------------------------------------+-----
Fighting       | 4 5 6 7 8 10 12 13 15 17 18 19 | 19.6
Shields        | 4 5 6 7 8 10 12 | 12.0
Armour         | 4 5 6 7 8 9 10 11 12 | 12.9
Polearms       | 2 3 5 8 10 12 13 14 15 16 | 16.9
Dodging        | 1 2 3 4 5 6 7 |  7.9
Stealth        | 1 2 3 |  3.2
Throwing       | 1 2 |  2.7
Invocations    | 3 5 6 8 9 |  9.3
Evocations     | 1 |  1.0
Ranged Weapons | 1 |  1.9
Axes           | |  2.6

Action                   |  1- 3 |  4- 6 |  7- 9 | 10-12 | 13-15 || total
-------------------------+-------+-------+-------+-------+-------++-------
Melee: War axe           |    54 |       |       |       |       ||    54
       Headbutt          |    10 |    13 |    56 |   190 |   488 ||   757
       Trident           |    32 |    89 |   345 |   760 |  1602 ||  2828
 Fire: Longbow           |       |       |       |       |    14 ||    14
Throw: Boomerang         |       |       |     9 |     1 |    11 ||    21
       Dart              |       |       |       |     2 |     5 ||     7
Invok: Divine Shield     |       |       |       |     1 |     8 ||     9
       Summon Divine War |       |       |       |       |     2 ||     2
Evoke: Wand              |       |       |     3 |       |    10 ||    13
       Tin of tremorston |       |       |       |       |     2 ||     2
  Use: Scroll            |     8 |     4 |     7 |     8 |    12 ||    39
       Potion            |       |     4 |     3 |     4 |    15 ||    26
 Stab: Sleeping          |       |     3 |     1 |       |       ||     4
       Distracted        |       |       |     1 |       |       ||     1
Armor: Scale mail        |    30 |    28 |    52 |   102 |   193 ||   405
       Fire dragon scale |       |       |       |       |   113 ||   113
       Ice dragon scales |       |       |       |       |   117 ||   117
Dodge: Dodged            |    32 |    20 |    77 |   158 |   441 ||   728
Block: Buckler           |    17 |    14 |    36 |    94 |    84 ||   245
       Kite shield       |       |       |       |       |   502 ||   502
